 Dungeon Crawl Stone Soup version 0.29-a0-275-g389c0b56f3 (webtiles) character file.

Game seed: 11235992557433236981

3 Ordine the Grasshopper (level 1, -2/12 HPs)
             Began as a Tengu Warper on Mar 10, 2022.
             Slain by a kobold
             ... wielding a +2 vampiric short sword
              (6 damage)
             ... on level 1 of the Dungeon.
             The game lasted 00:00:40 (51 turns).

Ordine the Grasshopper (Tengu Warper)                 Turns: 51, Time: 00:00:40

Health: -2/12      AC:  3    Str: 11    XL:     1   Next: 50%
Magic:  4/4        EV: 11    Int: 13    God:
Gold:   7          SH:  0    Dex: 13    Spells: 4/4 levels left

rFire   . . .      SeeInvis .   a - +0 falchion
rCold   . . .      Faith    .   (no shield)
rNeg    . . .      Spirit   .   b - +0 leather armour
rPois   .          Reflect  .   (helmet restricted)
rElec   .          Harm     .   (no cloak)
rCorr   .          Rampage  .   (no gloves)
Will    .....                   (boots unavailable)
Stlth   +.........              (no amulet)
HPRegen 0.04/turn               (no ring)
MPRegen 0.09/turn               (no ring)

@: no status effects
A: beak, talons 3
a: no special abilities


You were on level 1 of the Dungeon.
You visited 1 branch of the dungeon, and saw 1 of its levels.

You collected 7 gold pieces.

Inventory:

Hand Weapons
 a - a +0 falchion (weapon)
Missiles
 d - 7 boomerangs of dispersal
Armour
 b - a +0 leather armour (worn)
Scrolls
 c - a scroll of blinking


   Skills:
 + Level 2.1 Fighting
 * Level 2.4 Long Blades
 - Level 1.0 Throwing
 - Level 1.1 Armour
 - Level 2.1 Dodging
 - Level 2.0 Spellcasting
 - Level 2.4 Translocations


You had 4 spell levels left.
You didn't know any spells.
Your spell library contained the following spells:

 Spells                   Type           Power      Damage    Failure   Level
 Blink                    Tloc           14%        N/A       19%         2
 Gell's Gravitas          Tloc           7%         N/A       36%         3
 Lesser Beckoning         Tloc           7%         N/A       36%         3
 Teleport Other           Tloc           7%         N/A       36%         3
 Manifold Assault         Tloc           7%         N/A       98%         5


Dungeon Overview and Level Annotations

Branches:
Dungeon (1/15)

Altars:


Innate Abilities, Weirdness & Mutations

You have a beak for a mouth.
You have claws for feet.


Message History

No target in view!
You see here a ball python corpse.
A rat comes into view.
A kobold and a goblin come into view.
The kobold is wielding a +2 vampiric short sword.
The kobold shouts!
The goblin shouts!
A quokka comes into view.
You closely miss the goblin. The goblin completely misses you.
The rat closely misses you.
You closely miss the goblin. The goblin hits you with a +0 club.
The rat bites you but does no damage.
You hit the goblin.
You kill the goblin!
The rat bites you but does no damage.
A dart slug comes into view.
The quokka bites you.
You hit the quokka.
The quokka is almost dead.
The rat misses you. The quokka closely misses you.
The kobold barely misses you. The rat bites you.
You are too injured to fight recklessly!
You are too injured to fight recklessly!
You are too injured to fight recklessly!
You are too injured to fight recklessly!
You hit the quokka.
You kill the quokka!
The kobold closely misses you. The rat barely misses you.
You hit the rat. Your kick misses the rat.
The rat is severely wounded.
The kobold completely misses you. The rat barely misses you.
The dart slug launches a dart at you. The slug dart hits you.
You completely miss the rat. You claw the rat.
You kill the rat!
The kobold hits you with a +2 vampiric short sword.
You hit the kobold.
The kobold is heavily wounded.
The kobold hits you with a +2 vampiric short sword.
Ouch! That really hurt!
You die...

###.### .
####..#.######
#.# #. #.......#
#.. #..#.#..####
### ........# .#
...#....# .#
........##.#
...........#
......###..##.##
........@........
......#K)†....#.#
..............#
...........#....
#.........w......
........#.######
....#......
..........#.


You could see a dart slug and a kobold.

Vanquished Creatures
  A quokka (D:1)
  A ball python (D:1)
  A goblin (D:1)
  A rat (D:1)
4 creatures vanquished.

Notes
Turn   | Place    | Note
-------+----------+-------------------------------------------
     0 | D:1      | Ordine the Tengu Warper began the quest for the Orb.
     0 | D:1      | Reached XP level 1. HP: 12/12 MP: 4/4
    51 | D:1      | Slain by a kobold

Illustrated notes

Levels and vault maps discovered:
D:1:      ldierk_walled_garden_2, layout_basic, basic_ecumenical_altar,
          serial_shops, nicolae_shop_temple_entry_statues_fountains

Action                   || total
-------------------------++-------
Melee: Falchion          ||     9
       Kick              ||     2
Armor: Leather armour    ||     2
Dodge: Dodged            ||     9

Table legend: (Time is in decaauts)
 A = Elapsed time spent in this place.
 B = Non-inter-level travel time spent in this place.
 C = Inter-level travel time spent in this place.
 D = Time resting spent in this place.
 E = Time spent auto-exploring this place.
 F = Levels seen in this place.
 G = Mean time per level.
                   A        B        C        D        E       F      G
               +--------+--------+--------+--------+--------+-----+--------+
         Total |     52 |     52 |      0 |      0 |     35 |   1 |   52.0 |
       Dungeon |     52 |     52 |      0 |      0 |     35 |   1 |   52.0 |
               +--------+--------+--------+--------+--------+-----+--------+

Top non-repeatable levels by time:
     D:1: 52 daAuts
